AoeStats
← Rafaelbdoo

Arena

506784385Analyzed
4v4 RM · 19d ago on Sep 15, 2026· 42m 6s· 8 players
Game mode
Random Map
Map size
Large (8 player)
Population
200
Speed
Normal
Resources
Standard
Victory
Conquest
Starting age
Dark Age
Ending age
Imperial Age
RankedLock teamsTeams togetherTeam positionsShared explorationLock speedFull tech treeHidden civsTurbo modeCheats
Victory
Defeat
🇦🇷 Spanish · Argentina
988
+10
🇲🇽 Hindustanis · Mexico
974
+11
🇲🇽 Goths · Mexico
973
+11
🇦🇷 Mapuche · Argentina
943
+11
🇲🇽 Bohemians · Mexico
868
-12
🇧🇷 Malay · Brazil
868
-23
🇭🇰 Turks · Hong Kong SAR China
868
-11
🇦🇺 Koreans · Australia
805
-9
joelviteladelacruz
1:58 Loom
12:24 Feudal Age
13:35 Double-Bit Axe
13:33 Horse Collar
20:33 Castle Age
25:40 Imperial Age
24:19 Wheelbarrow
23:30 Town Watch
24:08 Fortified Wall
23:39 Treadmill Crane
25:54 Hand Cart
28:13 Masonry
31:45 Pikeman
32:53 Fletching
34:06 Block Printing
34:15 Town Patrol
36:28 Conscription
2487664814
2:00 Loom
13:39 Feudal Age
15:43 Wheelbarrow
15:24 Double-Bit Axe
15:22 Horse Collar
20:55 Castle Age
19:40 Gold Mining
19:44 Stone Mining
22:47 Bow Saw
24:14 Hand Cart
27:39 Gold Shaft Mining
31:44 Imperial Age
29:47 Town Watch
30:40 Scale Barding Armor
30:48 Bloodlines
31:03 Husbandry
31:54 Forging
32:08 Chain Barding Armor
32:01 Husbandry
33:53 Plate Barding Armor
33:47 Conscription
34:08 Iron Casting
38:10 Padded Archer Armor
38:04 Fletching
39:15 Blast Furnace
38:31 Elite Janissary
MachTerran
10:26 Loom
12:49 Feudal Age
13:09 Horse Collar
13:17 Double-Bit Axe
16:01 Wheelbarrow
15:52 Gold Mining
15:52 Stone Mining
20:48 Castle Age
19:24 Fletching
21:30 Heavy Plow
21:43 Bow Saw
22:19 Gold Shaft Mining
27:05 Fervor
Rafaelbdoo
10:20 Feudal Age
12:49 Double-Bit Axe
18:27 Horse Collar
23:27 Castle Age
21:23 Gold Mining
23:04 Pikeman
24:26 Bow Saw
24:09 Stone Mining
24:39 Heavy Plow
25:20 Gold Shaft Mining
27:37 Scale Barding Armor
27:43 Forging
27:52 Loom
28:47 Wheelbarrow
28:03 Town Watch
30:13 Stone Shaft Mining
30:17 Husbandry
30:48 Hand Cart
31:41 Treadmill Crane
35:24 Squires
39:05 Imperial Age
38:13 Masonry
38:28 Ballistics
39:12 Conscription
39:53 Murder Holes
40:13 Elite Skirmisher
IP s y k d A
11:03 Feudal Age
11:34 Double-Bit Axe
19:41 Castle Age
17:24 Horse Collar
18:03 Gold Mining
18:53 Stone Mining
19:31 Scale Mail Armor
19:42 Forging
20:54 Bow Saw
20:57 Heavy Plow
22:33 Chain Mail Armor
28:22 Iron Casting
27:51 Town Watch
29:38 Wheelbarrow
29:05 Town Patrol
30:14 Anarchy
30:57 Squires
31:52 Hand Cart
36:43 Imperial Age
34:00 Loom
35:53 Scale Barding Armor
37:27 Chain Barding Armor
37:38 Perfusion
37:59 Conscription
38:16 Crop Rotation
38:47 Two-Man Saw
38:24 Stone Shaft Mining
38:57 Blast Furnace
38:05 Elite Huskarl
42:08 Fletching
HiramSanJuan
0:28 Loom
11:03 Feudal Age
16:43 Castle Age
14:49 Double-Bit Axe
14:45 Horse Collar
16:04 Gold Mining
16:40 Fletching
19:18 Elite Skirmisher
21:32 Bow Saw
24:20 Ballistics
24:23 Heavy Plow
26:22 Bodkin Arrow
28:00 Stone Mining
34:29 Imperial Age
32:43 Wheelbarrow
33:05 Thumb Ring
34:26 Hand Cart
37:08 Siege Elephant
39:19 Chemistry
41:41 Grand Trunk Road
Matiquemero
3:22 Loom
11:58 Feudal Age
14:34 Double-Bit Axe
17:42 Castle Age
18:47 Bow Saw
21:02 Malon
25:17 Wheelbarrow
24:33 Horse Collar
28:54 Fletching
29:05 Padded Archer Armor
31:54 Imperial Age
29:55 Bodkin Arrow
31:38 Leather Archer Armor
33:01 Butalmapu
33:21 Conscription
33:55 Elite Bolas Rider
alejocantonee
8:07 Loom
10:55 Feudal Age
11:45 Double-Bit Axe
19:01 Wheelbarrow
20:38 Castle Age
19:17 Stone Mining
19:41 Bloodlines
19:45 Gold Mining
19:52 Horse Collar
20:29 Forging
20:59 Scale Barding Armor
21:30 Fletching
23:12 Iron Casting
24:37 Chain Barding Armor
29:33 Heavy Plow
36:36 Imperial Age
34:22 Hand Cart
37:45 Conscription
38:55 Blast Furnace
37:20 Elite Conquistador
38:13 Cavalier
40:03 Stone Shaft Mining
41:05 Paladin
Connection lost

Rejoining the realm…

Still unreachable

The connection could not be restored.

Session expired

The server has moved on; the page needs a fresh start.